 Dungeon Crawl Stone Soup version 0.30.0-19-g36f170ea60 (webtiles) character file.

Game seed: 7982768535224199681

458 olmar the Shield-Bearer (level 7, 0/55 HPs)
             Began as a Formicid Fighter on May 28, 2023.
             Killed from afar by Dowan (20 damage)
             ... with a shard of ice
             ... on level 4 of the Dungeon.
             The game lasted 00:03:26 (3266 turns).

olmar the Shield-Bearer (Formicid Fighter)          Turns: 3266, Time: 00:03:27

Health: 0/55       AC: 11    Str: 23      XL:     7   Next: 27%
Magic:  7/7        EV:  9    Int:  5 (7)  God:
Gold:   176        SH:  9    Dex: 13      Spells: 6/6 levels left

rFire   . . .        a - +0 flail
rCold   . . .        f - +0 kite shield
rNeg    . . .        b - +0 scale mail
rPois   .            (helmet unavailable)
rElec   .            (no cloak)
rCorr   .            (no gloves)
SInv    +            (no boots)
Will    .....        (no amulet) Stlth
                     t - +4 ring of protection
HPRegen 0.29/turn    (no ring)
MPRegen 0.10/turn

%: no passive effects
@: no status effects
A: permanent stasis, dig shafts and tunnels, antennae 3, four strong arms
a: Dig, Shaft Self


You were on level 4 of the Dungeon.
You visited 1 branch of the dungeon, and saw 4 of its levels.

You collected 176 gold pieces.

Inventory:

Hand Weapons
 a - a +0 flail (weapon)
Missiles
 D - 5 curare-tipped darts
Armour
 b - a +0 scale mail (worn)
 c - a +0 buckler
 f - a +0 kite shield (worn)
Jewellery
 t - a +4 ring of protection (left hand)
Wands
 r - a wand of roots (9)
 B - a wand of flame (27)
Scrolls
 e - a scroll of teleportation {unknown}
 h - 2 scrolls of fear {unknown}
 j - 3 scrolls of identify {unknown}
 k - a scroll of silence {unknown}
 l - a scroll of vulnerability {unknown}
 m - a scroll of immolation {unknown}
 o - a scroll of noise {unknown}
 p - a scroll of torment {unknown}
 q - a scroll of acquirement {unknown}
 u - 2 scrolls of enchant armour {unknown}
 v - a scroll of enchant weapon {unknown}
 w - a scroll of poison {unknown}
 x - a scroll of fog {unknown}
 y - a scroll of blinking {unknown}
Potions
 d - 2 potions of might
 g - a potion of attraction
 i - a potion of degeneration
 n - a potion of cancellation {unknown}
 s - a potion of haste {unknown}
 z - 3 potions of mutation {unknown}
 A - a potion of curing
 C - a potion of flight {unknown}


   Skills:
 + Level 4.5 Fighting
 + Level 4.7 Maces & Flails
 + Level 4.8 Armour
 + Level 1.3 Dodging
 + Level 0.7 Stealth
 + Level 5.4 Shields


You had 6 spell levels left.
You didn't know any spells.
Your spell library was empty.

Dungeon Overview and Level Annotations

Branches:
Dungeon (4/15)
 Temple: D:4-7

Altars:

Annotations:
D:4 Dowan


Innate Abilities, Weirdness & Mutations

You cannot be hasted, slowed, berserked, paralysed or teleported.
You can dig through walls and to a lower floor.
You have a pair of large antennae on your head. (SInv)
Your four strong arms can wield two-handed weapons with a shield.


Message History

You closely miss Duvessa.
Duvessa is almost dead.
You block Duvessa's attack.
You hit Duvessa but do no damage.
Duvessa is almost dead.
Duvessa hits you with a +0 short sword.
You closely miss Duvessa.
Duvessa is almost dead.
Duvessa hits you but does no damage. Duvessa hits you with a +0 short sword!
Dowan says, "My weaknesses are her strengths!"
You extend your mandibles.
You retract your mandibles.
You thump Duvessa!
You kill Duvessa!
Dowan seems overcome with grief.
Dowan seems to find hidden reserves of power!
Dowan mumbles some strange words.
Dowan blinks!
You feel your dexterity returning.
You have reached level 7!
Unknown command.
Unknown command.
You are too injured to fight recklessly!
Unknown command.
Aiming: Fastroot
Press: ? - help, Shift-Dir - straight line, f - you The roots erupt in riotous growth!
Roots grab the dart slug.
Roots grab Dowan.
The grasping roots constrict Dowan.
The grasping roots constrict the dart slug!
Dowan casts a spell.
Dowan blinks free!
The dart slug bites you but does no damage.
Unknown command.
Unknown command.
Unknown command.
You sock the dart slug!
You kill the dart slug!
Dowan points at you and mumbles some strange words.
The shard of ice hits you!!
You die...

#...### ###..#
##.....#####..###
.## #..##....##..##
...###..###......>#
..........###.....#
####..#...# ###..##
#..###.# ##..# #..#
.# #..## #.## .#
#@..# #.## #
#)###.# # #..# #.#
## ####..# { #.#
.##..## ... ....##
.e. ##### ##. ##


You could see Dowan (fast).

Vanquished Creatures
  Eustachio (D:4)
  Duvessa (D:4)
  A hound (D:4)
  An orc priest (D:3)
  Ijyb (D:4)
  5 adders
  4 worms
  2 dart slugs
  4 orcs (D:3)
  5 bats
  7 endoplasms
  5 giant cockroaches
  8 goblins
  7 hobgoblins
  7 jackals
  4 quokkas
  6 ball pythons
  2 frilled lizards
  4 kobolds
  5 rats
80 creatures vanquished.

Notes
Turn   | Place    | Note
-------+----------+-------------------------------------------
     0 | D:1      | olmar the Formicid Fighter began the quest for the Orb.
     0 | D:1      | Reached XP level 1. HP: 18/18 MP: 1/1
    74 | D:1      | Reached XP level 2. HP: 24/24 MP: 2/2
   304 | D:1      | Reached XP level 3. HP: 30/30 MP: 3/3
  1097 | D:2      | Reached XP level 4. HP: 37/37 MP: 4/4
  1354 | D:2      | Found a faded altar of an unknown god.
  1869 | D:3      | Reached XP level 5. HP: 42/42 MP: 5/5
  2609 | D:4      | Noticed Eustachio
  2623 | D:4      | Killed Eustachio
  2624 | D:4      | Reached skill level 1 in Dodging
  2624 | D:4      | Reached skill level 5 in Shields
  2624 | D:4      | Reached XP level 6. HP: 4/48 MP: 6/6
  3034 | D:4      | Noticed Ijyb
  3045 | D:4      | Killed Ijyb
  3242 | D:4      | Noticed Duvessa
  3243 | D:4      | Noticed Dowan
  3264 | D:4      | Killed Duvessa
  3265 | D:4      | Reached XP level 7. HP: 20/55 MP: 7/7
  3266 | D:4      | Killed from afar by Dowan

Illustrated notes

Levels and vault maps discovered:
D:1:      spicycebolla_arrival_xxxplode, layout_loops_ring, nicolae_wormholes
D:2:      layout_loops_ring, dreamdust_ecumenical_altar_angels_and_demons,
          minmay_pentomino_s2
D:3:      layout_basic, kennysheep_generic_room_12
D:4:      layout_layer_cave, uniq_eustachio, uniq_duvessa, uniq_ijyb

Skill      XL: |  1  2  3  4  5 |
---------------+----------------+-----
Fighting       | 4 |  4.5
Maces & Flails | 3 4 |  4.7
Armour         | 4 |  4.8
Dodging        | 1 |  1.3
Shields        | 5 |  5.4
Stealth        | |  0.7

Action                     |  1- 3 |  4- 6 |  7- 9 || total
---------------------------+-------+-------+-------++-------
  Melee: Flail             |   115 |   184 |     1 ||   300
Ability: Dig               |       |     1 |       ||     1
  Evoke: Wand              |       |       |     1 ||     1
    Use: Potion            |       |     4 |       ||     4
 Armour: Scale mail        |    50 |    95 |     1 ||   146
  Dodge: Dodged            |    44 |    66 |       ||   110
  Block: Buckler           |     3 |       |       ||     3
         Kite shield       |    58 |    85 |       ||   143
